 Dungeon Crawl Stone Soup version 0.30-a0-989-g0d87f670db (webtiles) character file.

Game seed: 6227644623929409062

112 Pimp the Grasshopper (level 4, -3/35 HPs)
             Began as a Barachi Warper on Apr 3, 2023.
             Slain by an orc
             ... wielding a +0 mace
              (4 damage)
             ... on level 3 of the Dungeon.
             The game lasted 00:04:02 (1912 turns).

Pimp the Grasshopper (Barachi Warper)               Turns: 1912, Time: 00:04:02

Health: -3/35      AC:  6    Str: 12    XL:     4   Next: 93%
Magic:  7/8        EV: 11    Int: 18    God:
Gold:   163        SH:  0    Dex: 11    Spells: 8/8 levels left

rFire   . . .      SeeInvis .    n - +2 hand axe "Ceethimu" {heavy, Int+2}
rCold   . . .      Faith    .    (no shield)
rNeg    . . .      Spirit   .    f - +0 ring mail
rPois   .          Reflect  .    (no helmet)
rElec   .          Rampage  .    l - +0 cloak
rCorr   .                        (no gloves)
Will    .....                    (no boots)
Stlth   +                        (no amulet)
HPRegen 0.25/turn                (no ring)
MPRegen 0.11/turn                (no ring)

@: mighty, weak-willed, attractive, slow
A: amphibious, slowness 1, strong legs 1, +LOS
a: Hop


You were on level 3 of the Dungeon.
You visited 1 branch of the dungeon, and saw 3 of its levels.

You collected 163 gold pieces.

Inventory:

Hand Weapons
 a - a +0 falchion
 h - a +0 sling
 n - the +2 hand axe "Ceethimu" (weapon) {heavy, Int+2}
   (You found it on level 2 of the Dungeon)

   Int:       It affects your intelligence (+2).
Missiles
 d - 7 boomerangs of dispersal (quivered)
 m - a throwing net
Armour
 b - a +0 leather armour
 f - a +0 ring mail (worn)
 l - a +0 cloak (worn)
 o - an orb of mayhem
Scrolls
 c - 2 scrolls of blinking
 k - a scroll of fog {unknown}
Potions
 g - 3 potions of might
 i - a potion of curing {unknown}


   Skills:
 + Level 3.1 Fighting
 - Level 2.8 Long Blades
 + Level 0.5 Axes
 + Level 1.1 Ranged Weapons
 + Level 1.9 Throwing
 + Level 2.2 Armour
 + Level 2.7 Dodging
 + Level 2.7 Spellcasting
 + Level 3.6 Translocations


You had 8 spell levels left.
You didn't know any spells.
Your spell library contained the following spells:

 Spells                   Type           Power      Damage    Failure   Level
 Blink                    Tloc           30%        N/A       13%         2
 Lesser Beckoning         Tloc           30%        N/A       13%         2
 Teleport Other           Tloc           15%        N/A       26%         3
 Foxfire                  Conj/Fire      8%         2x1d2     36%         1
 Vhi's Electric Charge    Tloc/Air       16%        N/A       47%         3
 Manifold Assault         Tloc           15%        N/A       63%         4
 Fireball                 Conj/Fire      1%         3d3       100%        5
 Starburst                Conj/Fire      1%         6d3       100%        6


Dungeon Overview and Level Annotations

Branches:
Dungeon (3/15)

Altars:


Innate Abilities, Weirdness & Mutations

You are amphibious.
You cover ground slowly.
You can hop short distances.
You have an extended range of vision and can be seen from far away.


Message History

The orc priest closely misses you. The orc hits you with a +0 hand axe.
The orc priest closely misses you. The orc barely misses you.
The orc closely misses you.
The goblin shouts!
You hit the orc priest.
The orc priest is severely wounded.
You closely miss the orc. You hit the orc. The orc hits you with a +0 club.
The orc priest closely misses you. The orc hits you but does no damage.
The orc priest hits you with a +0 flail.
The orc closely misses you. The orc hits you with a +0 club.
As you read the scroll labelled IGUEGE ROSHROTH, it crumbles to dust.
Magic quickly surges around you.
It was a scroll of vulnerability.
The orc hits you but does no damage. x2
The orc priest hits you with a +0 flail!
* * * LOW HITPOINT WARNING * * *
The orc hits you with a +0 hand axe.
* * * LOW HITPOINT WARNING * * *
You slash the orc priest!
You kill the orc priest!
You slash the orc!
You kill the orc!
You slash the orc!
You kill the orc!
You hit the orc.
The orc barely misses you. x2; The orc misses you.
Your Fighting skill increases to level 3!
You barely miss the orc.
The orc is heavily wounded.
You hit the orc. The orc hits you with a +0 mace.
* * * LOW HITPOINT WARNING * * *
The orc hits you with a +0 hand axe.
* * * LOW HITPOINT WARNING * * *
Okay, then.
It was a potion of might.
You feel very mighty all of a sudden. The orc barely misses you.
The orc hits you with a +0 hand axe.
* * * LOW HITPOINT WARNING * * *
It was a potion of attraction.
You feel attractive to monsters. The orc hits you with a +0 mace.
You die...

#....>...##
#####<....###.#
..........#
#####.#...###.#
#..⌠..#.###.....###......
###. #o†....###.# #####.#
.....# #.###### #.# ##.#
.......#.# #.# ##...
#...### #.# ##....
##..oo# #.## #.....
##.#@######..###.....
#.#))......<........
.....########.......
......# ###..... .......#
##.... #.......# #....(
#.......# #.....
#.......# #.....
#.......# #.....


You could see 2 orcs.

Vanquished Creatures
  An orc priest (D:3)
  5 adders
  A worm (D:3)
  2 orcs (D:3)
  2 bats (D:1)
  3 endoplasms
  2 goblins (D:1)
  3 hobgoblins
  3 kobolds (D:1)
  7 ball pythons
  A frilled lizard (D:1)
  6 rats
36 creatures vanquished.

Notes
Turn   | Place    | Note
-------+----------+-------------------------------------------
     0 | D:1      | Pimp the Barachi Warper began the quest for the Orb.
     0 | D:1      | Reached XP level 1. HP: 17/17 MP: 3/3
   188 | D:1      | Reached XP level 2. HP: 11/23 MP: 5/5
   835 | D:2      | Reached XP level 3. HP: 11/28 MP: 6/6
  1130 | D:2      | Identified the +2 hand axe "Ceethimu" {heavy, Int+2}
  1807 | D:3      | Reached skill level 1 in Ranged Weapons
  1807 | D:3      | Reached XP level 4. HP: 34/34 MP: 7/7
  1911 | D:3      | HP: 1/35 [orc/+0 hand axe (3)]
  1912 | D:3      | Slain by an orc

Illustrated notes

Levels and vault maps discovered:
D:1:      minmay_arrival_four_houses, layout_loops_ring, moated_statue
D:2:      layout_loops_ring, hex_large
D:3:      layout_rooms, serial_shops, nicolae_shop_statue_plus,
          ebering_ghost_gozag, grunt_ministairs_1

Skill      XL: |  1  2  3  4 |
---------------+-------------+-----
Armour         | 2 |  2.2
Ranged Weapons | 1 |  1.1
Fighting       | 3 |  3.1
Long Blades    | |  2.8
Axes           | |  0.5
Throwing       | |  1.9
Dodging        | |  2.7
Spellcasting   | |  2.7
Translocations | |  3.6

Action                     |  1- 3 |  4- 6 || total
---------------------------+-------+-------++-------
  Melee: Falchion          |    69 |       ||    69
         Punch             |     1 |       ||     1
         Hand axe          |    11 |    15 ||    26
   Fire: Sling             |    34 |       ||    34
    Use: Potion            |       |     2 ||     2
         Scroll            |       |     1 ||     1
   Stab: Distracted        |     1 |       ||     1
 Armour: Ring mail         |    61 |     9 ||    70
  Dodge: Dodged            |    65 |    21 ||    86

Table legend: (Time is in decaauts)
 A = Elapsed time spent in this place.
 B = Non-inter-level travel time spent in this place.
 C = Inter-level travel time spent in this place.
 D = Time resting spent in this place.
 E = Time spent auto-exploring this place.
 F = Levels seen in this place.
 G = Mean time per level.
                   A        B        C        D        E       F      G
               +--------+--------+--------+--------+--------+-----+--------+
         Total |   2242 |   2026 |    216 |    228 |   1370 |   3 |  747.3 |
       Dungeon |   2242 |   2026 |    216 |    228 |   1370 |   3 |  747.3 |
               +--------+--------+--------+--------+--------+-----+--------+

Top non-repeatable levels by time:
     D:2: 1121 daAuts
     D:1: 953 daAuts
     D:3: 167 daAuts
